 Dungeon Crawl Stone Soup version 0.29-a0-1052-g6990b1bffc (webtiles) character file.

Game seed: 13391034361113971663

5005 SensoryNuts the Spear-Bearer (level 10, -10/76 HPs)
             Began as a Demonspawn Gladiator on Aug 18, 2022.
             Was an Initiate of Gozag.
             Mangled by a two-headed ogre
             ... wielding a +0 giant spiked club
              (20 damage)
             ... on level 9 of the Dungeon.
             The game lasted 00:12:13 (9472 turns).

SensoryNuts the Spear-Bearer (Demonspawn Gladiator) Turns: 9472, Time: 00:12:13

Health: -10/76     AC: 16    Str: 19    XL:     10   Next: 29%
Magic:  10/10      EV: 14    Int: 13    God:    Gozag
Gold:   515        SH: 10    Dex: 14    Spells: 9/9 levels left

rFire   . . .      SeeInvis .   a - +1 trident
rCold   . . .      Faith    .   t - +1 buckler {reflect}
rNeg    . . .      Spirit   .   f - +1 scale mail
rPois   .          Reflect  +   z - +1 helmet {Int+3}
rElec   .          Harm     .   F - +2 cloak {Stlth+}
rCorr   .          Rampage  .   (no gloves)
Will    .....                   l - +0 pair of boots
Stlth   ++........              (no amulet)
HPRegen 0.22/turn               (no ring)
MPRegen 0.12/turn               (no ring)

@: mighty, gold aura
A: repulsion field 2, foul stench 2, weakness stinger 1, large bone plates 1,
passive freeze, shaggy fur 1
a: Renounce Religion, Potion Petition, Call Merchant, Bribe Branch


You were on level 9 of the Dungeon.
You worshipped Gozag.
Gozag was pleased with you.
You visited 2 branches of the dungeon, and saw 10 of its levels.

You collected 1159 gold pieces.
You spent 550 gold pieces at shops.
You paid 94 gold pieces to Gozag.

Inventory:

Hand Weapons
 a - a +1 trident (weapon)
 y - a -1 triple sword
Missiles
 d - 4 throwing nets (quivered)
 e - 3 javelins
Armour
 b - a +0 leather armour
 c - a +0 helmet
 f - a +1 scale mail (worn)
 l - a +0 pair of boots (worn)
 t - a +1 buckler of reflection (worn)
 z - a +1 helmet of intelligence (worn)
 F - a +2 cloak of stealth (worn)
Jewellery
 o - a ring of positive energy
 r - a ring of resist corrosion
 u - a ring of positive energy
 H - a ring of fire
 J - a +4 ring of protection
Wands
 m - a wand of polymorph (9)
 n - a wand of paralysis (6)
 s - a wand of mindburst (15)
 x - a wand of light (13)
 A - a wand of roots (12)
 E - a wand of flame (12)
Scrolls
 g - 6 scrolls of teleportation
 i - 3 scrolls of identify
 j - 4 scrolls of amnesia
 k - 2 scrolls of poison
 p - a scroll of magic mapping
 q - 2 scrolls of immolation
 C - a scroll of summoning
Potions
 h - 3 potions of flight
 v - 2 potions of degeneration
 w - a potion of might
 B - a potion of ambrosia
 D - a potion of brilliance
 G - a potion of heal wounds
 I - a potion of curing


   Skills:
 + Level 5.8 Fighting
 + Level 9.7 Polearms
 + Level 1.9 Throwing
 + Level 6.6 Armour
 + Level 4.7 Dodging
 + Level 2.6 Stealth
 + Level 3.7 Shields
 + Level 0.2 Unarmed Combat


You had 9 spell levels left.
You didn't know any spells.
Your spell library contained the following spells:

 Spells                   Type           Power      Damage    Failure   Level
 Sandblast                Erth           0%         2d4       73%         1
 Slow                     Hex            0%         N/A       73%         1
 Passwall                 Tmut/Erth      0%         N/A       86%         2
 Sublimation of Blood     Necr           0%         N/A       86%         2
 Confusing Touch          Hex            0%         N/A       97%         3
 Stone Arrow              Conj/Erth      0%         3d7       97%         3
 Vampiric Draining        Necr           0%         2d6       97%         3
 Hailstorm                Conj/Ice       0%         3d3       100%        4
 Alistair's Intoxication  Tmut/Pois      0%         N/A       100%        5
 Borgnjor's Vile Clutch   Necr/Erth      0%         N/A       100%        5
 Eringya's Noxious Bog    Tmut/Pois      0%         N/A       100%        6
 Ozocubu's Refrigeration  Ice            0%         4d7       100%        7
 Animate Dead             Necr           Unusable   N/A       N/A         4

Dungeon Overview and Level Annotations

Branches:
Dungeon (9/15)             Temple (1/1) D:5
   Lair: D:8-11         Orc: D:9-12

Altars:
Ashenzari
Cheibriados
Dithmenos
Fedhas
Gozag
Hepliaklqana
Kikubaaqudgha
Makhleb
Nemelex Xobeh
Okawaru
Qazlal
Sif Muna
Trog
Uskayaw
Vehumet
Wu Jian
Xom
Yredelemnul

Shops:
D:5 [   D:6 *   D:7 *   D:8 [

Annotations:
D:3 exclusion: statue


Innate Abilities, Weirdness & Mutations

You are surrounded by a moderate repulsion field. (EV +3)
You sometimes emit foul miasma when damaged in melee.
You have a small tail.
You are partially covered in large bone plates. (SH +4)
A frigid envelope surrounds you and freezes all who hurt you.
You are covered in fur. (AC +1)


Message History

You hit the orc priest.
The orc priest is almost dead.
The orc hits you but does no damage.
The orc is very cold.
You kill the orc!
You block the orc priest's attack.
You hit the orc priest but do no damage.
The orc priest is almost dead.
The shadow strikes at you from the darkness!
Reactivating autopickup.
The shadow completely resists.
You are too injured to fight recklessly!
You feel much better. You block the shadow's attack.
Something hits you but does no damage.
Deactivating autopickup; reactivate with Ctrl-A.
You feel very mighty all of a sudden.
The shadow slips into darkness.
The shadow flickers and vanishes!
The two-headed ogre hits you with a +0 giant spiked club!
The two-headed ogre is very cold.
The two-headed ogre is lightly wounded.
You emit a cloud of foul miasma!
The two-headed ogre barely misses you. Something hits you but does no damage.
Reactivating autopickup.
You feel a bit more experienced.
You hit the two-headed ogre. You tail-slap the two-headed ogre.
The two-headed ogre is moderately wounded.
The shadow strikes at you from the darkness!
The shadow completely resists.
The orc priest casts a cantrip, but nothing happens.
You puncture the two-headed ogre!
The two-headed ogre is heavily wounded.
The two-headed ogre is engulfed in dark miasma.
The two-headed ogre is poisoned.
The two-headed ogre seems to slow down.
The two-headed ogre hits you with a +0 giant spiked club!!
* * * LOW HITPOINT WARNING * * *
The two-headed ogre is very cold.
The two-headed ogre is severely wounded.
The two-headed ogre hits you with a +0 giant spiked club!!
You die...
Your body crumbles into a pile of gold.

...#...................
+###...................
. ........##########...
. ........#........+...
. ........#....>...# ..
. ........#........## .
######..#.........#
#..###.......# #....#
##@####..# #....#
#OWo.....#
#....###........#
#...............#
#.............[..
#.......########.
#....$..# #.......#
..........#


You could see a two-headed ogre (poisoned, slow), a shadow and an orc priest.

Vanquished Creatures
  A boulder beetle (D:9)
  An unseen horror (D:7)
  Maggie (D:6)
  Grinder (D:6)
  3 wyverns
  Edmund (D:4)
  Menkaure (D:7)
  3 ice beasts
  2 sky beasts (D:7)
  An orc warrior (D:9)
  4 black bears
  A kobold brigand (D:8)
  2 phantoms
  4 bullfrogs
  A necrophage (D:8)
  A scorpion (D:4)
  12 killer bees
  A howler monkey (D:8)
  7 hounds
  4 jellies
  3 orc priests
  5 iguanas
  6 orc wizards
  Robin (D:4)
  3 gnolls (D:4)
  8 adders
  A white imp (D:6)
  2 ufetubi
  3 worms
  4 dart slugs
  20 orcs
  3 bats
  6 endoplasms
  2 giant cockroaches
  11 goblins
  9 hobgoblins
  3 jackals (D:2)
  13 kobolds
  3 quokkas
  12 ball pythons
  A frilled lizard (D:1)
  10 rats
181 creatures vanquished.

Vanquished Creatures (others)
  An iguana (D:4)
  An orc (D:8)
  A goblin (D:4)
  A hobgoblin (D:4)
  A kobold (D:4)
5 creatures vanquished.

Grand Total: 186 creatures vanquished

Notes
Turn   | Place    | Note
-------+----------+-------------------------------------------
     0 | D:1      | SensoryNuts the Demonspawn Gladiator began the quest for
                  | the Orb.
     0 | D:1      | Reached XP level 1. HP: 16/16 MP: 1/1
   219 | D:1      | Reached skill level 3 in Polearms
   219 | D:1      | Gained mutation: You are surrounded by a mild repulsion
                  | field. (EV +2) [demonic ancestry]
   219 | D:1      | Reached XP level 2. HP: 22/22 MP: 2/2
  1398 | D:2      | Gained mutation: You have a small tail. [demonic ancestry]
  1398 | D:2      | Reached XP level 3. HP: 27/27 MP: 3/3
  1614 | D:2      | Found a basalt altar of Yredelemnul.
  2164 | D:2      | Gained mutation: A frigid envelope surrounds you and
                  | freezes all who hurt you. [potion of mutation]
  2164 | D:2      | Gained mutation: You are covered in fur. (AC +1) [potion of
                  | mutation]
  2164 | D:2      | Gained mutation: You are partially covered in large bone
                  | plates. (SH +4) [potion of mutation]
  2514 | D:3      | Gained mutation: You are surrounded by a moderate repulsion
                  | field. (EV +3) [demonic ancestry]
  2514 | D:3      | Reached XP level 4. HP: 34/34 MP: 4/4
  2908 | D:3      | Noticed a black bear
  2929 | D:3      | Killed a black bear
  2930 | D:3      | Reached skill level 4 in Polearms
  2930 | D:3      | Reached skill level 1 in Armour
  2930 | D:3      | Gained mutation: You may rarely emit foul miasma when
                  | damaged in melee. [demonic ancestry]
  2930 | D:3      | Reached XP level 5. HP: 25/39 MP: 5/5
  3338 | D:3      | Found a radiant altar of Vehumet.
  3340 | D:3      | Noticed a charred statue
  3531 | D:4      | Found a shimmering altar of Xom.
  3564 | D:4      | Gained mutation: You sometimes emit foul miasma when
                  | damaged in melee. [demonic ancestry]
  3564 | D:4      | Reached XP level 6. HP: 46/46 MP: 6/6
  3718 | D:4      | Reached skill level 1 in Stealth
  3796 | D:4      | Noticed Edmund
  3817 | D:4      | Killed Edmund
  3818 | D:4      | Reached skill level 5 in Polearms
  4156 | D:4      | Noticed Robin
  4172 | D:4      | Killed Robin
  4176 | D:4      | Reached XP level 7. HP: 46/52 MP: 7/7
  4701 | D:5      | Entered Level 5 of the Dungeon
  4723 | D:5      | Found a stormy altar of Qazlal.
  4862 | D:5      | Found a staircase to the Ecumenical Temple.
  4875 | Temple   | Entered the Ecumenical Temple
  5188 | Temple   | Became a worshipper of Gozag Ym Sagoz the Greedy
  5287 | D:5      | Noticed a wyvern
  5290 | D:5      | Killed a wyvern
  5293 | D:5      | Reached skill level 6 in Polearms
  5460 | D:5      | Reached XP level 8. HP: 56/60 MP: 8/8
  5751 | D:5      | Found Niprouro's Armour Shoppe.
  5756 | D:5      | Bought a +1 buckler of reflection for 189 gold pieces
  6131 | D:6      | Reached skill level 7 in Polearms
  6131 | D:6      | Reached skill level 1 in Shields
  6221 | D:6      | Noticed Maggie
  6243 | D:6      | Killed Maggie
  6602 | D:6      | Got the Octavo of Necromancy and Ice
  6615 | D:6      | Noticed Grinder
  6622 | D:6      | Killed Grinder
  6623 | D:6      | Reached skill level 5 in Armour
  6623 | D:6      | Reached XP level 9. HP: 58/66 MP: 9/9
  6681 | D:6      | Reached skill level 8 in Polearms
  6687 | D:6      | Found Wiorouxowur's Lightly-Used Armoury.
  6711 | D:6      | Bought a -1 triple sword for 60 gold pieces
  6883 | D:6      | Noticed a moth of wrath
  6886 | D:6      | Found a bloodstained altar of Trog.
  7360 | D:7      | Noticed Menkaure
  7370 | D:7      | Killed Menkaure
  7765 | D:7      | Reached skill level 5 in Fighting
  7911 | D:7      | Killed an unseen horror
  8004 | D:7      | Found Jovono's General Store.
  8165 | D:7      | Reached skill level 9 in Polearms
  8576 | D:8      | Found Viyhuo's Armour Emporium.
  8591 | D:8      | Bought a +2 cloak of stealth for 301 gold pieces
  8959 | D:9      | Reached XP level 10. HP: 74/74 MP: 10/10
  9032 | D:9      | Noticed a boulder beetle
  9091 | D:9      | Killed a boulder beetle
  9452 | D:9      | Noticed a two-headed ogre
  9472 | D:9      | Mangled by a two-headed ogre

Illustrated notes

Levels and vault maps discovered:
D:1:      dpeg_arrival_boxorama, layout_loops_ring,
          chequers_serial_rivers_micro_a
D:2:      layout_basic, basic_altar
D:3:      layout_loops_corners, vehumet_statue, st_stairs_9,
          kennysheep_flooded_box
D:4:      layout_loops_ring, xom_confusion_cloud, uniq_edmund, uniq_robin
D:5:      layout_cave_pods, grunt_qazlal_sundering, temple_fountains,
          serial_shops, nicolae_shop_hallway_plus, grunt_decor_mini_mirrors,
          serial_park_tiny_pond, kennysheep_generic_room_4
D:6:      layout_loops_ring, tgw_trog, minmay_shop_damaged, uniq_maggie,
          uniq_grinder
D:7:      layout_basic, serial_shops, nicolae_shop_hallway_plus, uniq_menkaure
D:8:      layout_rooms, serial_shops, nicolae_shop_advertising_works
          [nicolae_subvault_shop_adworks], dreamdust_deal_with_the_devil
D:9:      layout_irregular_city, nicolae_ru_great_annihilating_truth,
          elyvilon_altar_5, minmay_misc_feat_room, minmay_misc_feat_doors
Temple:   compressed_dpeg_triangle_lava_temple

Skill      XL: |  1  2  3  4  5  6  7  8  9 |
---------------+----------------------------+-----
Polearms       | 3 4 5 6 7 9 |  9.7
Dodging        | 3 4 |  4.7
Armour         | 1 2 3 5 6 |  6.6
Stealth        | 1 2 |  2.6
Fighting       | 3 4 5 |  5.8
Shields        | 1 3 |  3.7
Throwing       | |  1.9
Unarmed Combat | |  0.2

Action                   |  1- 3 |  4- 6 |  7- 9 | 10-12 || total
-------------------------+-------+-------+-------+-------++-------
Melee: Trident           |   127 |   100 |   313 |    78 ||   618
       Punch             |     2 |     1 |     1 |       ||     4
       Tailslap          |     3 |    11 |    40 |    13 ||    67
       Unarmed           |       |     5 |       |       ||     5
  Use: Scroll            |     8 |       |     5 |       ||    13
       Potion            |     6 |     4 |     2 |     2 ||    14
 Stab: Distracted        |       |       |     3 |       ||     3
       Sleeping          |       |       |       |     1 ||     1
Armor: Scale mail        |    40 |    21 |    82 |    22 ||   165
Dodge: Dodged            |    74 |    60 |   108 |    25 ||   267
Block: Other             |     1 |    13 |    13 |       ||    27
       Buckler           |       |       |    74 |    33 ||   107
       Reflection        |       |       |     4 |       ||     4

Table legend: (Time is in decaauts)
 A = Elapsed time spent in this place.
 B = Non-inter-level travel time spent in this place.
 C = Inter-level travel time spent in this place.
 D = Time resting spent in this place.
 E = Time spent auto-exploring this place.
 F = Levels seen in this place.
 G = Mean time per level.
                   A        B        C        D        E       F      G
               +--------+--------+--------+--------+--------+-----+--------+
         Total |   9469 |   8994 |    475 |     42 |   7479 |  10 |  946.9 |
       Dungeon |   9144 |   8669 |    475 |     42 |   7229 |   9 | 1016.0 |
        Temple |    324 |    324 |      0 |      0 |    250 |   1 |  324.0 |
               +--------+--------+--------+--------+--------+-----+--------+

Top non-repeatable levels by time:
     D:3: 1304 daAuts
     D:1: 1255 daAuts
     D:4: 1177 daAuts
     D:7: 1116 daAuts
     D:6: 1111 daAuts
     D:5: 1047 daAuts
     D:2: 985 daAuts
     D:8: 606 daAuts
     D:9: 540 daAuts
  Temple: 324 daAuts
